 Dungeon Crawl Stone Soup version 0.26-a0-466-g989023bd0d (webtiles) character file.

Game seed: 12786524420606185863

835 bmfx the Shooter (level 7, -1/57 HPs)
             Began as a Palentonga Arcane Marksman on Aug 5, 2020.
             Was a Follower of Okawaru.
             Slain by a bullfrog (4 damage)
             ... on level 6 of the Dungeon.
             The game lasted 00:20:15 (8796 turns).

bmfx the Shooter (Palentonga Arcane Marksman)       Turns: 8796, Time: 00:20:16

Health: -1/57      AC:  6    Str: 15    XL:     7   Next: 66%
Magic:  9/9        EV:  7    Int: 16    God:    Okawaru [*.....]
Gold:   262        SH:  0    Dex: 10    Spells: 7/8 levels left

rFire    . . .     SeeInvis +   a - +1 trident (flame)
rCold    . . .     Faith    .   (no shield)
rNeg     . . .     Spirit   .   g - +0 scale mail
rPois    .         Reflect  .   (no helmet)
rElec    .         Harm     .   (no cloak)
rCorr    +                      (no gloves)
MR       .....                  (boots restricted)
Stlth    ..........             (no amulet)
HPRegen  0.19/turn              f - ring of resist corrosion
MPRegen  0.11/turn              (no ring)

@: no status effects
A: large, rugged brown scales 3, see invisible, clever 1, deformed body,
MP-powered wands, roll, armoured tail
a: Rolling Charge, Heroism, Renounce Religion


You were on level 6 of the Dungeon.
You worshipped Okawaru.
Okawaru was aware of your devotion.
You visited 1 branch of the dungeon, and saw 6 of its levels.

You collected 262 gold pieces.


Innate Abilities, Weirdness & Mutations

You are completely covered in rugged brown scales. (AC +3, +7% HP)
You have supernaturally acute eyesight. (SInv)
Armour fits poorly on your strangely shaped body.
You can roll at foes to attack.
You have a long armoured tail.
Your mind is acute. (Int +2)
You expend magic power (3 MP) to strengthen your wands.

Dungeon Overview and Level Annotations

Branches:
Dungeon (6/15)
 Temple: D:4-7

Altars:
Gozag
Nemelex Xobeh
Okawaru
Qazlal
Sif Muna
Zin
The Shining One

Annotations:
D:5 Sigmund


   Skills:
 - Level 4.0 Fighting
 - Level 2.0 Axes
 + Level 5.4 Bows
 - Level 1.5 Dodging
 - Level 1.0 Spellcasting
 - Level 3.0 Hexes
 - Level 3.0 Invocations
 + Level 1.5 Evocations


You had 7 spell levels left.
You knew the following spells:

 Your Spells              Type           Power        Failure   Level
A - Corona                Hex            ##.....      28%         1

Your spell library contained the following spells:

 Spells                   Type           Power        Failure   Level
 Slow                     Hex            ##......     38%         2
 Freeze                   Ice            #...         67%         1
 Inner Flame              Hex/Fire       #.......     83%         3
 Portal Projectile        Hex/Tloc       #.....       83%         3
 Cause Fear               Hex            ##........   95%         4
 Frozen Ramparts          Ice            #.....       96%         3
 Ozocubu's Armour         Ice            #.......     96%         3
 Leda's Liquefaction      Hex/Erth       #.........   99%         4
 Hailstorm                Conj/Ice       #.......     100%        4
 Summon Ice Beast         Ice/Summ       #.......     100%        4

Action                   |  1- 3 |  4- 6 |  7- 9 || total
-------------------------+-------+-------+-------++-------
Melee: Hand axe          |    76 |   126 |       ||   202
       Tailslap          |     6 |     6 |     4 ||    16
       Trident           |       |       |    68 ||    68
       Punch             |       |       |     1 ||     1
 Fire: Shortbow          |    40 |   299 |    22 ||   361
Throw: Dart              |       |       |     1 ||     1
 Cast: Corona            |     2 |       |       ||     2
Invok: Heroism           |       |     4 |     3 ||     7
 Abil: Rolling Charge    |    22 |     7 |       ||    29
Evoke: Wand              |       |     9 |       ||     9
  Use: Scroll            |     6 |    12 |     1 ||    19
       Potion            |     1 |     6 |     3 ||    10
 Stab: Sleeping          |     1 |       |       ||     1
Armor: Scale mail        |    31 |   164 |    76 ||   271
       Robe              |     8 |       |       ||     8
Dodge: Dodged            |    39 |   149 |    78 ||   266

Skill      XL: |  1  2  3  4  5  6  7 |
---------------+----------------------+-----
Bows           | 2 3 5 |  5.4
Axes           | 1 2 |  2.0
Fighting       | 2 3 4 |  4.0
Invocations    | 3 |  3.0
Evocations     | 1 |  1.5
Dodging        | |  1.5
Spellcasting   | |  1.0
Hexes          | |  3.0

Inventory:

Hand Weapons
 a - a +1 trident of flaming (weapon)
 q - a +0 hand axe
 u - a +0 war axe
 w - a +0 shortbow
Missiles
 d - 39 arrows
 o - 3 poisoned darts (quivered)
 s - 8 silver javelins
Armour
 g - a +0 scale mail (worn)
Jewellery
 f - a ring of resist corrosion (left hand)
Wands
 i - a wand of random effects (2)
 l - a wand of paralysis (12)
 m - a wand of polymorph (9)
Scrolls
 j - 2 scrolls of magic mapping
 k - a scroll of amnesia
 n - a scroll of fog
 p - a scroll of remove curse {@r4}
 r - 5 scrolls of identify {@r3}
Potions
 b - a potion of flight
 e - 3 potions of brilliance
 h - 2 potions of stabbing
 t - a potion of resistance

. #.## ...
....##..# ##
...##...###)######.
...#...........)#.
#.#... #.....#.#)
##....###.....#...
..................
####S....[.....#..
#@Fg.........).##.
#.###ooo<......##.
#.# ##.g........#.
.(# ##..........o
#.## #lO.....##oo
#. #.oo....##gO #.
#..#o#####.# #.
##..#...###S#
##...#.#..##)#


You could see a bullfrog, 2 orc wizards, a gnoll, an adder and an orc.

Vanquished Creatures
  A wyvern (D:5)
  A howler monkey (D:6)
  A bullfrog skeleton (D:5)
  2 hounds
  A gnoll shaman (D:6)
  An orc priest (D:2)
  Natasha (thrice) (D:3)
  5 worker ants
  A hound zombie (D:5)
  3 gnolls (D:4)
  7 adders
  2 shadow imps (D:5)
  2 white imps (D:5)
  An ufetubus (D:5)
  2 oozes
  2 adder skeletons
  A worm (D:3)
  4 dart slugs
  6 leopard geckos
  17 orcs
  9 bats
  6 giant cockroaches
  10 goblins
  7 hobgoblins
  10 jackals
  4 quokkas
  6 frilled lizards
  A giant cockroach zombie (D:5)
  A jackal zombie (D:3)
  6 kobolds
  A leopard gecko skeleton (D:4)
  12 rats
136 creatures vanquished.

Vanquished Creatures (others)
  An octopode (D:1)
  2 vine stalkers (D:1)
  A troll (D:1)
  A formicid (D:1)
  2 spriggans (D:1)
  A vampire (D:1)
  A human (D:1)
  A naga (D:1)
  An ogre (D:1)
  A centaur (D:1)
  5 tentacles (D:1)
17 creatures vanquished.

Grand Total: 153 creatures vanquished

Levels and vault maps discovered:
D:1:      nicolae_arrival_kraken_aquarium_a, layout_basic,
          minmay_rat_gold_closets
D:2:      layout_loops_ring, serial_park_tiny_2
D:3:      minmay_chambers_of_threes, layout_rooms,
          nicolae_overflow_quartered_altars, grunt_gozag_statues, uniq_natasha
D:4:      layout_basic, tso_metal_star, okawaru_metal_pillars_3, serial_forest,
          infiniplex_forest_end_1, infiniplex_forest_clump_medium,
          infiniplex_forest_clump_diagonal, infiniplex_forest_clump_small,
          infiniplex_forest_lined_3, infiniplex_forest_clump_large,
          infiniplex_forest_lined_3, infiniplex_forest_end_3,
          infiniplex_forest_clump_medium, infiniplex_forest_lined_room_2
D:5:      layout_cave_pods, sigmund_edmund_badplayer
D:6:      layout_rooms, minmay_temple_entry_glassed_door,
          chequers_serial_rivers_micro_d


Message History

The gnoll shouts!
Items here: )) [[ ††.
An iguana comes into view.
The iguana hisses angrily.
The orc hits you.
* * * LOW HITPOINT WARNING * * *
You feel like a meek peon again.
A bullfrog comes into view.
The bullfrog croaks.
The orc wizard points at you and mumbles some strange words.
The magic dart hits you.
* * * LOW HITPOINT WARNING * * *
The bullfrog hits you but does no damage.
The bullfrog closely misses you.
The bullfrog snags a nearby centipede with its tongue.
The bullfrog closely misses you. The bullfrog barely misses you.
The bullfrog releases a deep croak.
The bullfrog hits you.
You die...

Notes
Turn   | Place    | Note
-------+----------+-------------------------------------------
     0 | D:1      | bmfx the Palentonga Arcane Marksman began the quest for the
                  | Orb.
     0 | D:1      | Reached XP level 1. HP: 16/16 MP: 2/2
     0 | D:1      | Noticed a vampire
     0 | D:1      | Noticed a naga
     0 | D:1      | Noticed an ogre
     0 | D:1      | Noticed a vine stalker
     0 | D:1      | Noticed a centaur
     0 | D:1      | Noticed a human
     0 | D:1      | Noticed a kraken
     0 | D:1      | Noticed a spriggan
     0 | D:1      | Noticed an octopode
     0 | D:1      | Noticed a spriggan
     0 | D:1      | Noticed a formicid
     0 | D:1      | Noticed a troll
     0 | D:1      | Noticed a vine stalker
     3 | D:1      | Killed an octopode
     4 | D:1      | Killed an ogre
     5 | D:1      | Killed a formicid
     6 | D:1      | Killed a naga
     6 | D:1      | Killed a troll
     6 | D:1      | Killed a vine stalker
     7 | D:1      | Killed a centaur
     8 | D:1      | Killed a vampire
     8 | D:1      | Killed a spriggan
     8 | D:1      | Killed a spriggan
     8 | D:1      | Killed a human
     9 | D:1      | Killed a vine stalker
   178 | D:1      | Reached skill level 2 in Bows
   260 | D:1      | Reached XP level 2. HP: 22/22 MP: 3/3
   952 | D:1      | Reached XP level 3. HP: 21/27 MP: 4/4
  1539 | D:2      | Reached skill level 1 in Axes
  1699 | D:2      | Reached XP level 4. HP: 30/35 MP: 5/5
  2238 | D:2      | Reached skill level 3 in Bows
  2997 | D:3      | Noticed an ice beast
  3165 | D:3      | Reached XP level 5. HP: 37/41 MP: 6/6
  3189 | D:3      | Noticed Natasha
  3225 | D:4      | Found an iron altar of Okawaru.
  3233 | D:4      | Became a worshipper of Warmaster Okawaru
  3734 | D:4      | Found a glowing golden altar of the Shining One.
  4777 | D:5      | Entered Level 5 of the Dungeon
  4789 | D:5      | Reached XP level 6. HP: 41/50 MP: 7/7
  5137 | D:5      | Reached skill level 4 in Bows
  5317 | D:5      | Noticed an ice beast
  5378 | D:3      | Killed Natasha
  5378 | D:3      | Reached * piety under Okawaru
  5510 | D:3      | Found an opulent altar of Gozag.
  5735 | D:3      | Found a glowing silver altar of Zin.
  5746 | D:3      | Found a sparkling altar of Nemelex Xobeh.
  5762 | D:3      | Found a shimmering blue altar of Sif Muna.
  5784 | D:3      | Noticed Natasha
  5797 | D:3      | Killed Natasha
  5866 | D:3      | Found a stormy altar of Qazlal.
  6201 | D:2      | Reached skill level 1 in Invocations
  6238 | D:3      | Noticed Natasha
  6326 | D:3      | Killed Natasha
  7329 | D:5      | Noticed Sigmund
  7359 | D:5      | Noticed Edmund
  7360 | D:5      | Noticed Edmund
  7360 | D:5      | Edmund changed into Edmund the wyvern
  7369 | D:5      | Gained mutation: Your mind is acute. (Int +2) [potion of
                  | mutation]
  7369 | D:5      | Gained mutation: You expend magic power (3 MP) to
                  | strengthen your wands. [potion of mutation]
  7378 | D:5      | Killed Edmund the wyvern
  7378 | D:5      | Reached skill level 5 in Bows
  7378 | D:5      | Reached XP level 7. HP: 8/57 MP: 0/9
  8761 | D:6      | Reached skill level 1 in Evocations
  8789 | D:6      | HP: 2/57 [orc wizard/magic dart (3)]
  8796 | D:6      | Slain by a bullfrog
